 Dungeon Crawl Stone Soup version 0.30-a0-137-gd8773701ce (webtiles) character file.

Game seed: 17469431222949143156

20055 zishaf the Dancer (level 12, -8/72 HPs)
             Began as a Vine Stalker Brigand on Sept 21, 2022.
             Was a Believer of Uskayaw.
             Mangled by a black mamba (10 damage)
             ... on level 2 of the Lair of Beasts.
             The game lasted 00:25:26 (13000 turns).

zishaf the Dancer (Vine Stalker Brigand)           Turns: 13000, Time: 00:25:27

Health: -8/72      AC: 15    Str: 18    XL:     12   Next: 75%
Magic:  0/22       EV: 11    Int: 11    God:    Uskayaw [**....]
Gold:   365        SH:  6    Dex: 21    Spells: 11/11 levels left

rFire   . . .      SeeInvis +    a - +2 short sword (drain)
rCold   . . .      Faith    .    L - +0 buckler
rNeg    + . .      Spirit   +    T - +0 acid dragon scales
rPois   .          Reflect  .    r - +1 helmet
rElec   .          Harm     .    c - +0 cloak
rCorr   +          Rampage  .    y - +1 pair of gloves
Will    +....                    C - +0 pair of boots
Stlth   +++.......               W - amulet of the acrobat
HPRegen 1.02/turn                h - ring "Pockoech" {rN+ Str+4}
MPRegen 0.18/turn                H - ring of see invisible

@: studying Armour
A: fangs 3, regeneration 1, magic shield, antimagic bite, no potion heal 2,
robust 1, noise suppression
a: Renounce Religion, Stomp, Line Pass


You were on level 2 of the Lair of Beasts.
You worshipped Uskayaw.
Uskayaw was pleased with you.
You visited 2 branches of the dungeon, and saw 16 of its levels.
You also visited: Ossuary.

You collected 908 gold pieces.
You spent 543 gold pieces at shops.

Inventory:

Hand Weapons
 a - a +2 short sword of draining (weapon)
 b - a +2 short sword of speed
 w - a +1 long sword of holy wrath
 M - a +4 long sword
Missiles
 d - 64 poisoned darts (quivered)
 e - 2 curare-tipped darts
 s - 7 boomerangs
 F - a boomerang of dispersal
 J - 3 silver javelins
 N - 3 throwing nets
 U - 5 datura-tipped darts
 Y - 6 atropa-tipped darts
Armour
 c - a +0 cloak (worn)
 i - a +0 ring mail
 r - a +1 helmet (worn)
 v - a scarf of resistance
 y - a +1 pair of gloves (worn)
 C - a +0 pair of boots (worn)
 L - a +0 buckler (worn)
 O - a +0 troll leather armour
 T - +0 acid dragon scales (worn)
Jewellery
 h - the ring "Pockoech" (left hand) {rN+ Str+4}
   (You bought it in a shop on level 5 of the Dungeon)

   [ring of positive energy]

   Str:       It affects your strength (+4).
   rN:        It protects you from negative energy.
 H - a ring of see invisible (right hand)
 V - a ring of resist corrosion
 W - an amulet of the acrobat (around neck)
Wands
 G - a wand of flame (36)
 I - a wand of iceblast (10)
 K - a wand of charming (5)
 S - a wand of polymorph (2)
Scrolls
 j - 2 scrolls of silence
 l - 14 scrolls of teleportation
 p - 3 scrolls of enchant armour
 u - 4 scrolls of fear
 A - 5 scrolls of magic mapping
 E - 2 scrolls of blinking
 P - 4 scrolls of enchant weapon
 Z - a scroll of summoning
Potions
 f - 5 potions of ambrosia
 g - 3 potions of lignification
 k - 3 potions of mutation
 m - a potion of flight {unknown}
 n - 3 potions of haste
 o - 2 potions of attraction
 q - 2 potions of cancellation
 t - 2 potions of berserk rage
 x - 6 potions of curing
 z - 3 potions of might
 B - 3 potions of resistance
 D - 3 potions of brilliance
 Q - a potion of magic {unknown}
 X - a potion of invisibility {unknown}
Miscellaneous
 R - a box of beasts


   Skills:
 + Level 9.1 Fighting
 - Level 5.8(7.0) Short Blades
 - Level 5.8(7.0) Long Blades
 - Level 3.0 Throwing
 + Level 7.5 Armour
 - Level 0.7 Dodging
 - Level 6.0 Stealth
 - Level 5.0 Shields
 * Level 12.5 Invocations
 - Level 4.0 Evocations


You had 11 spell levels left.
You didn't know any spells.
Your spell library contained the following spells:

 Spells                   Type           Power      Damage    Failure   Level
 Foxfire                  Conj/Fire      0%         2x1d4     52%         1
 Blink                    Tloc           0%         N/A       65%         2
 Static Discharge         Conj/Air       0%         2-2/arc   65%         2
 Sublimation of Blood     Necr           0%         N/A       65%         2
 Inner Flame              Hex/Fire       0%         N/A       87%         3
 Kindle Blastsparks       Fire/Tloc/Air  0%         2d10      87%         3
 Lesser Beckoning         Tloc           0%         N/A       87%         3
 Tukima's Dance           Hex            0%         N/A       87%         3
 Airstrike                Air            0%         2d(0-16)  99%         4
 Flame Wave               Conj/Fire      0%         2d4       99%         4
 Manifold Assault         Tloc           0%         N/A       99%         4
 Passage of Golubria      Tloc           0%         N/A       99%         4
 Petrify                  Tmut/Erth      0%         N/A       99%         4
 Summon Lightning Spire   Summ/Air       0%         N/A       99%         4
 Arcjolt                  Conj/Air       0%         1d10      100%        5
 Irradiate                Conj/Tmut      0%         3d11      100%        5
 Lightning Bolt           Conj/Air       0%         1d11      100%        5
 Metabolic Englaciation   Hex/Ice        0%         N/A       100%        5
 Yara's Violent Unravell  Hex/Tmut       0%         3d3       100%        5
 Statue Form              Tmut/Erth      0%         N/A       100%        6
 Maxwell's Capacitive Co  Air            0%         ∞         100%        8


Dungeon Overview and Level Annotations

Branches:
Dungeon (14/15)            Temple (0/1) D:6            Lair (2/5) D:10
    Orc (0/2) D:10        Ossuary (visited)
  Swamp: Lair:2-3    Shoals: Lair:2-3     Snake: Lair:2-3    Spider: Lair:2-3
 Vaults: D:13-14

Altars:
Cheibriados
Elyvilon
Fedhas
Kikubaaqudgha
Makhleb
Qazlal
Uskayaw
Xom
The Shining One

Shops:
D:5 *   D:6 [*


Innate Abilities, Weirdness & Mutations

You have razor-sharp teeth.
Your natural rate of healing is unusually fast.
When hurt, damage is shared between your health and your magic reserves.
Your bite disrupts and absorbs the magic of your enemies.
Potions cannot restore your health.
You are robust. (+10% HP)
You passively dampen the noise of your surroundings.


Message History

The black mamba closely misses you.
You closely miss the black mamba. Your bite misses the black mamba.
You feel very sick.
The black mamba bites you but does no damage.
You closely miss the black mamba.
You bite the black mamba, but do no damage.
You feel very sick. The black mamba bites you!
* * * LOW HITPOINT WARNING * * *
You block the black mamba's attack.
Unknown command.
Your system rejects the healing.
You feel better. The black mamba bites you.
* * * LOW HITPOINT WARNING * * *
You are poisoned.
The black mamba poisons you!
You barely miss the black mamba.
You feel very sick.
The black mamba bites you but does no damage.
The black mamba bites you!
* * * LOW HITPOINT WARNING * * *
Unknown command.
Your system rejects the healing.
You feel better.
The black mamba bites you but does no damage.
You barely miss the black mamba. Your bite misses the black mamba.
You block the black mamba's attack. The black mamba bites you.
* * * LOW HITPOINT WARNING * * *
You hit the black mamba but do no damage.
You bite the black mamba. You drain its power.
You feel invigorated.
The black mamba is lightly wounded.
You block the black mamba's attack.
Aiming: Charm
Press: ? - help, Shift-Dir - straight line, f - black mamba
Aim: a black mamba (lightly wounded, chance to affect: 59%)
The black mamba resists with significant effort.
The black mamba bites you!
* * * LOW HITPOINT WARNING * * *
You are lethally poisoned!
The black mamba poisons you! You block the black mamba's attack.
Your system rejects the healing.
You feel better. The black mamba bites you!
You die...

..~≈≈≈≈.<.........
..~≈≈≈≈≈................
..≈≈≈≈≈~≈.#.....# ..^.P.
.#.~~≈≈..###....# ......
.#...~~#........##..P.#.
........................
.......................^
.................S......
................@.......
.................[......
........................
........................
...##..#.#......#..##..#
#...##......[...# #.
#....#........#....
.............##....
##...#P......#


You could see a black mamba.

Vanquished Creatures
  A centaur warrior (D:8)
  A catoblepas (Lair:1)
  2 two-headed ogres
  Pikel (D:4)
  A deep elf pyromancer (D:13)
  2 ugly things
  5 cane toads
  A gargoyle (D:12)
  2 kobold demonologists
  2 komodo dragons
  2 unseen horrors
  A rime drake (Lair:1)
  3 trolls
  A polar bear (Lair:1)
  A blink frog (Lair:1)
  5 shadows
  12 yaks
  A vampire (D:10)
  3 wyverns
  A basilisk (Lair:1)
  A wraith (D:12)
  A steam dragon (D:6)
  4 acid dragons
  7 water moccasins
  4 orc warriors
  2 ice beasts
  A sky beast (D:7)
  4 black bears
  6 wolves (Lair:1)
  4 centaurs
  2 ogres
  A phantom (D:4)
  7 kobold brigands
  11 bullfrogs
  3 necrophages (D:6)
  4 gnoll sergeants
  2 scorpions (D:6)
  18 wights
  2 troll zombies
  An electric eel (Lair:1)
  6 howler monkeys
  A crimson imp (D:10)
  4 centaur zombies (Ossuary)
  2 human zombies (Ossuary)
  A jelly (D:5)
  5 orc priests
  4 gnoll boudas
  7 iguanas
  Natasha (thrice) (D:3)
  13 orc wizards
  7 ogre zombies (D:10)
  8 mummies
  31 gnolls
  4 adders
  2 shadow imps
  3 white imps
  3 ufetubi
  3 adder zombies (Ossuary)
  3 adder skeletons (D:3)
  2 worms
  2 dart slugs
  41 orcs
  6 ball pythons
  7 endoplasms
  5 goblins
  6 hobgoblins
  30 kobolds
  3 quokkas
  A ball python skeleton (D:3)
  2 bats (D:1)
  4 frilled lizards
  2 gnoll zombies (Ossuary)
  A goblin skeleton (D:10)
  6 goblin zombies
  A hobgoblin skeleton (D:10)
  7 hobgoblin zombies
  3 kobold zombies (Ossuary)
  5 orc skeletons (D:10)
  14 orc zombies (D:10)
  3 quokka zombies
  4 rats
  4 rat zombies (Ossuary)
402 creatures vanquished.

Vanquished Creatures (others)
  A human (D:7)
  3 fungi
  6 plants
  A withered plant (D:3)
11 creatures vanquished.

Grand Total: 413 creatures vanquished

Notes
Turn   | Place    | Note
-------+----------+-------------------------------------------
     0 | D:1      | zishaf the Vine Stalker Brigand began the quest for the
                  | Orb.
     0 | D:1      | Reached XP level 1. HP: 11/11 MP: 2/2
   149 | D:1      | Reached skill level 5 in Stealth
   377 | D:1      | Reached XP level 2. HP: 15/15 MP: 1/3
   977 | D:1      | Reached XP level 3. HP: 17/18 MP: 4/4
  1204 | D:1      | Found a faded altar of an unknown god.
  2393 | D:3      | Gained mutation: Your natural rate of healing is unusually
                  | fast. [Vine Stalker growth]
  2393 | D:3      | Reached XP level 4. HP: 23/23 MP: 5/5
  2611 | D:3      | Noticed Natasha
  2617 | D:3      | Killed Natasha
  2618 | D:3      | Reached XP level 5. HP: 24/28 MP: 6/6
  2683 | D:3      | Noticed Natasha
  2690 | D:3      | Killed Natasha
  2772 | D:3      | Noticed Natasha
  2777 | D:3      | Killed Natasha
  3088 | D:4      | Noticed a phantom
  3105 | D:4      | Killed a phantom
  3106 | D:4      | Reached XP level 6. HP: 32/32 MP: 5/7
  3230 | D:4      | Found a white marble altar of Elyvilon.
  3272 | D:4      | Found a snail-covered altar of Cheibriados.
  3272 | D:4      | Found a hide-covered altar of Uskayaw.
  3276 | D:4      | Became a worshipper of Uskayaw the Reveller
  3650 | D:4      | Reached * piety under Uskayaw
  3654 | D:4      | Reached ** piety under Uskayaw
  3660 | D:4      | Reached *** piety under Uskayaw
  3662 | D:4      | Reached skill level 1 in Invocations
  3664 | D:4      | Reached **** piety under Uskayaw
  3666 | D:4      | Reached XP level 7. HP: 6/37 MP: 2/9
  3811 | D:4      | Noticed Pikel
  3834 | D:4      | Killed Pikel
  3835 | D:4      | Reached skill level 4 in Invocations
  3835 | D:4      | Gained mutation: You have razor-sharp teeth. [Vine Stalker
                  | growth]
  3835 | D:4      | Reached XP level 8. HP: 24/42 MP: 7/12
  4020 | D:5      | Entered Level 5 of the Dungeon
  4184 | D:5      | Found Qeckotsiva's Assorted Antiques.
  4192 | D:5      | Bought a slimy turquoise ring for 115 gold pieces
  4192 | D:5      | Identified the ring "Pockoech" {rN+ Str+4} (You bought it
                  | in a shop on level 5 of the Dungeon)
  4192 | D:5      | Bought a scroll labelled KAUPAN WOIMIEMP for 23 gold pieces
  4266 | D:5      | Reached skill level 5 in Fighting
  4266 | D:5      | Reached skill level 5 in Short Blades
  4304 | D:5      | Found a glowing golden altar of the Shining One.
  4444 | D:5      | Reached skill level 5 in Invocations
  4864 | D:6      | Found Cimexytz's Armour Emporium.
  4872 | D:6      | Bought a +0 pair of boots for 54 gold pieces
  4970 | D:6      | Found Qypuseips's CLEARANCE SALE!.
  4992 | D:6      | Bought a +1 long sword of holy wrath for 39 gold pieces
  5044 | D:6      | Reached skill level 6 in Invocations
  5044 | D:6      | Reached XP level 9. HP: 47/47 MP: 14/14
  5128 | D:6      | Reached skill level 1 in Long Blades
  5152 | D:6      | Found a blossoming altar of Fedhas.
  5156 | D:6      | Found a stormy altar of Qazlal.
  5368 | D:6      | Found a staircase to the Ecumenical Temple.
  5534 | D:6      | Reached skill level 1 in Evocations
  5744 | D:7      | Found an ancient bone altar of Kikubaaqudgha.
  5846 | D:7      | Reached skill level 7 in Invocations
  6301 | D:7      | Reached skill level 1 in Shields
  6643 | D:6      | Bought a +2 hat for 192 gold pieces
  6750 | D:8      | Reached skill level 8 in Invocations
  6778 | D:8      | Found a sand-covered staircase.
  6786 | Ossuary  | Entered an ossuary
  6927 | Ossuary  | Reached XP level 10. HP: 27/53 MP: 9/17
  7257 | D:8      | Noticed a centaur warrior
  7270 | D:8      | Killed a centaur warrior
  7547 | D:8      | Reached ***** piety under Uskayaw
  7628 | D:8      | Reached skill level 1 in Armour
  7753 | D:8      | Reached skill level 9 in Invocations
  8317 | D:6      | Bought a box of beasts for 120 gold pieces
  8865 | D:10     | Entered Level 10 of the Dungeon
  8971 | D:10     | Found a shimmering altar of Xom.
  8971 | D:10     | Found a burning altar of Makhleb.
  9013 | D:10     | Reached XP level 11. HP: 53/58 MP: 19/19
  9116 | D:10     | Noticed a brown ugly thing
  9127 | D:10     | Killed a brown ugly thing
  9165 | D:10     | Found a staircase to the Orcish Mines.
  9226 | D:10     | Reached skill level 10 in Invocations
  9232 | D:10     | Reached ****** piety under Uskayaw
  9481 | D:10     | Found a staircase to the Lair.
  9979 | D:11     | Gained mutation: You have large cloven feet. [potion of
                  | mutation]
  9979 | D:11     | Gained mutation: You are frail. (-10% HP) [potion of
                  | mutation]
  9979 | D:11     | Gained mutation: You are strong-willed. (Will+) [potion of
                  | mutation]
  9979 | D:11     | Gained mutation: You passively dampen the noise of your
                  | surroundings. [potion of mutation]
  9980 | D:11     | Lost mutation: You have large cloven feet. [potion of
                  | mutation]
  9980 | D:11     | Lost mutation: You are frail. (-10% HP) [potion of
                  | mutation]
  9980 | D:11     | Lost mutation: You are strong-willed. (Will+) [potion of
                  | mutation]
  9980 | D:11     | Gained mutation: You are robust. (+10% HP) [potion of
                  | mutation]
 10375 | D:11     | Noticed a two-headed ogre
 10385 | D:11     | Killed a two-headed ogre
 10499 | D:12     | Noticed a cyan ugly thing
 10510 | D:11     | Reached skill level 5 in Armour
 10592 | D:12     | Noticed a two-headed ogre
 10606 | D:12     | Killed a two-headed ogre
 10669 | D:12     | Killed a cyan ugly thing
 10670 | D:12     | Reached skill level 5 in Shields
 10994 | D:12     | Reached skill level 5 in Long Blades
 10994 | D:12     | Reached skill level 11 in Invocations
 10998 | D:12     | Reached XP level 12. HP: 66/71 MP: 19/21
 11568 | D:12     | You fall into a shaft and drop 2 floors!
 11800 | Lair:1   | Entered Level 1 of the Lair of Beasts
 12322 | Lair:1   | Reached skill level 12 in Invocations
 12629 | Lair:1   | Noticed a catoblepas
 12648 | Lair:1   | Killed a catoblepas
 12999 | Lair:2   | HP: 1/72 [black mamba (8)]
 13000 | Lair:2   | Mangled by a black mamba

Illustrated notes

Levels and vault maps discovered:
D:1:      co_arrival_random_square_maze, layout_loops_corners,
          chequers_ecumenical_altar_twisty, hangedman_decor_lopped, hex_tiny,
          nrook_mini_backslash, st_stairs_11, hangedman_decor_diamond_cutter,
          minmay_misc_feat_iff, minmay_misc_feat_chi, minmay_crystal_water
D:2:      layout_basic, minmay_tetromino_l2
D:3:      layout_loops_ring, serial_undead, serial_undead_c, serial_undead_d,
          serial_undead_f, serial_undead_b, dk_vineyard_2, uniq_natasha
D:4:      layout_cave_pods, mainiacjoe_overflow_six_doors_small,
          gammafunk_temple_overflow_wave, uniq_pikel
D:5:      layout_cave_pods, old_standard_altar, serial_shops, shop
D:6:      layout_gridville, grunt_temple_overflow_forces_of_nature,
          minmay_temple_entry_mist, serial_shops, shop, nicolae_shop_clearance
D:7:      layout_loops_corners, tgw_kikubaaqudgha
D:8:      layout_loops_corners, gup_ossuary_entry_pyramid, minmay_manual_moon
D:9:      layout_roguey
D:10:     layout_roguey, grunt_temple_overflow_champion_of_chaos,
          grunt_lair_entry_orc_guard_hut, zombieorc2_lemuel,
          minmay_misc_feat_pillars, skrybe_limestone_x
D:11:     layout_basic
D:12:     layout_basic, serial_co_window_serial, co_window_of_opportunity_a,
          co_window_of_opportunity_a, co_window_paths_a,
          co_window_of_opportunity_a, co_window_paths_a, co_window_broadway_b,
          co_window_broadway_b, co_window_of_opportunity_b, co_window_4corner_a,
          co_window_sun, glass_columns_c, glass_columns_b
D:13:     layout_rooms, david_vaults_4, nicolae_hepliaklqana_ecumenical_no_more,
          uniq_josephine, uniq_frances, uniq_jorgrun
D:14:     layout_rooms, serial_aquarium, aquarium_bridge_square
          [aquarium_subvault_bridge, aquarium_subvault_bridge,
          aquarium_subvault_bridge, aquarium_subvault_bridge],
          aquarium_bridge_straight [aquarium_subvault_bridge,
          aquarium_subvault_wall, aquarium_subvault_bridge,
          aquarium_subvault_wall], aquarium_window_2, aquarium_window_1,
          aquarium_window_2, aquarium_window_fake, aquarium_view_2e,
          aquarium_view_2d, aquarium_pool_side, serial_bayou_pond_d,
          minmay_misc_feat_plants
Lair:1:   layout_chaotic_city, minmay_shattered_shrine, lemuel_fruit_tree,
          infiniplex_staircase_pool_2, serial_bayou_shore_a
Lair:2:   layout_regular_city, spider_nest_entry_funnel_web,
          infiniplex_staircase_pool, grunt_megastairs_4

Skill      XL: |  1  2  3  4  5  6  7  8  9 10 11 12 |
---------------+-------------------------------------+-----
Stealth        | 5 6 |  6.0
Fighting       | 2 3 4 5 6 7 8 9 |  9.1
Short Blades   | 2 3 4 5 |  5.8
Throwing       | 2 3 |  3.0
Invocations    | 1 4 6 8 9 11 12 | 12.5
Long Blades    | 1 3 5 |  5.8
Evocations     | 2 4 |  4.0
Shields        | 1 3 5 |  5.0
Armour         | 3 5 7 |  7.5
Dodging        | |  0.7

Action                   |  1- 3 |  4- 6 |  7- 9 | 10-12 || total
-------------------------+-------+-------+-------+-------++-------
Melee: Dagger            |    95 |     1 |       |       ||    96
       Bite              |    21 |    29 |   103 |   286 ||   439
       Short sword       |       |   107 |   259 |   623 ||   989
       Punch             |       |     1 |     2 |       ||     3
       Long sword        |       |       |    57 |   134 ||   191
Throw: Dart              |       |       |     2 |     8 ||    10
       Boomerang         |       |       |       |     5 ||     5
Evoke: Wand              |       |       |     2 |     1 ||     3
  Use: Scroll            |       |    15 |     5 |     8 ||    28
       Potion            |       |       |       |     5 ||     5
 Stab: Sleeping          |    11 |     6 |    14 |    25 ||    56
       Distracted        |     1 |     1 |       |     2 ||     4
       Paralysed         |       |     1 |    11 |    56 ||    68
Armor: Robe              |     3 |       |       |       ||     3
       Ring mail         |    29 |    22 |   112 |    64 ||   227
       Troll leather arm |       |       |       |    24 ||    24
       Acid dragon scale |       |       |       |   189 ||   189
Dodge: Dodged            |    33 |    41 |   142 |   307 ||   523
Block: Buckler           |       |       |    16 |   176 ||   192

Table legend: (Time is in decaauts)
 A = Elapsed time spent in this place.
 B = Non-inter-level travel time spent in this place.
 C = Inter-level travel time spent in this place.
 D = Time resting spent in this place.
 E = Time spent auto-exploring this place.
 F = Levels seen in this place.
 G = Mean time per level.
                   A        B        C        D        E       F      G
               +--------+--------+--------+--------+--------+-----+--------+
         Total |  12791 |  12056 |    735 |    145 |   9113 |  17 |  752.4 |
       Dungeon |  11218 |  10506 |    712 |    106 |   8110 |  14 |  801.3 |
          Lair |   1176 |   1153 |     23 |     39 |    836 |   2 |  588.0 |
       Ossuary |    397 |    397 |      0 |      0 |    167 |   1 |  397.0 |
               +--------+--------+--------+--------+--------+-----+--------+

Top non-repeatable levels by time:
     D:1: 1476 daAuts
    D:12: 1054 daAuts
     D:8: 1044 daAuts
  Lair:1: 1032 daAuts
    D:10: 1019 daAuts
     D:7: 1016 daAuts
     D:4: 984 daAuts
     D:6: 853 daAuts
     D:5: 824 daAuts
     D:2: 789 daAuts
    D:11: 744 daAuts
     D:3: 738 daAuts
     D:9: 636 daAuts
 Ossuary: 397 daAuts
  Lair:2: 144 daAuts
